 Dungeon Crawl Stone Soup version 0.30.1-4-g462c640d31 (webtiles) character file.

Game seed: 12282469332820952294

67 Babbit the Chiller (level 4, 0/30 HPs)
             Began as a Barachi Ice Elementalist on Aug 20, 2023.
             Slain by an orc
             ... wielding a +0 short sword
              (1 damage)
             ... on level 3 of the Dungeon.
             The game lasted 00:10:02 (2625 turns).

Babbit the Chiller (Barachi Ice Elementalist)       Turns: 2625, Time: 00:10:03

Health: 0/30       AC:  2    Str: 10    XL:     4   Next: 16%
Magic:  1/8        EV: 12    Int: 23    God:
Gold:   162        SH:  0    Dex: 12    Spells: 5/9 levels left

rFire   . . .        l - staff of conjuration
rCold   . . .        (no shield)
rNeg    . . .        a - +0 robe
rPois   .            (no helmet)
rElec   .            (no cloak)
rCorr   .            (no gloves)
SInv    +            (no boots)
Will    .....        f - amulet of the acrobat
Stlth   ++           c - +6 ring of intelligence
HPRegen 0.25/turn    q - ring of see invisible
MPRegen 0.11/turn

%: acrobat
@: slow
A: amphibious, slowness 1, strong legs 1, +LOS
a: Hop


You were on level 3 of the Dungeon.
You visited 1 branch of the dungeon, and saw 3 of its levels.

You collected 162 gold pieces.

Inventory:

Armour
 a - a +0 robe (worn)
Magical Staves
 l - a staff of conjuration (weapon)
Jewellery
 c - a +6 ring of intelligence (left hand)
 f - an amulet of the acrobat (around neck)
 q - a ring of see invisible (right hand)
Scrolls
 d - 2 scrolls of enchant weapon
 e - 2 scrolls of poison
 o - a scroll of blinking {unknown}
 p - a scroll of amnesia {unknown}
 r - a scroll of enchant armour {unknown}
Potions
 b - a potion of magic
 g - a potion of haste {unknown}
 i - a potion of brilliance {unknown}
 j - a potion of heal wounds {unknown}
 k - 2 potions of curing {unknown}
 m - 2 potions of ambrosia {unknown}
 n - a potion of mutation {unknown}


   Skills:
 + Level 2.4 Dodging
 + Level 2.0 Stealth
 + Level 3.0 Spellcasting
 + Level 5.9 Ice Magic


You had 5 spell levels left.
You knew the following spells:

 Your Spells              Type           Power      Damage    Failure   Level
a - Freeze                Ice            100%       1d10      1%          1
b - Ozocubu's Armour      Ice            31%        N/A       3%          3

Your spell library contained the following spells:

 Spells                   Type           Power      Damage    Failure   Level
 Frozen Ramparts          Ice            62%        1d10      3%          3
 Summon Ice Beast         Ice/Summ       17%        N/A       32%         4


Dungeon Overview and Level Annotations

Branches:
Dungeon (3/15)

Altars:
Gozag
Yredelemnul


Innate Abilities, Weirdness & Mutations

You are amphibious.
You cover ground slowly.
You can hop short distances.
You have an extended range of vision and can be seen from far away.


Message History

Your Spellcasting skill increases to level 3!
Aiming: Freeze (safe; 1% risk of failure)
Press: ? - help, Q - select action, (/) - cycle Shift-Dir - straight line, f - orc
Aim: an orc, wielding a +0 short sword You freeze the orc!
You kill the orc!
An orc comes into view. It is wielding a +0 short sword.
The orc barely misses you.
Aiming: Freeze (safe; 1% risk of failure)
Press: ? - help, Q - select action, (/) - cycle Shift-Dir - straight line, f - orc
Aim: an orc, wielding a +0 dagger You freeze the orc.
The orc is lightly wounded.
The orc hits you with a +0 dagger.
You hit the orc.
The orc is moderately wounded.
The orc hits you with a +0 dagger.
You hit the orc.
You kill the orc!
The orc hits you with a +0 short sword.
* * * LOW HITPOINT WARNING * * *
You hit the orc.
The orc is heavily wounded.
The orc hits you with a +0 short sword.
* * * LOW HITPOINT WARNING * * *
The orc hits you with a +0 short sword.
* * * LOW HITPOINT WARNING * * *
Okay, then.
Okay, then.
You hit the orc.
The orc is heavily wounded.
The orc misses you.
You closely miss the orc.
The orc is heavily wounded.
The orc hits you with a +0 short sword.
* * * LOW HITPOINT WARNING * * *
You hit the orc.
The orc is heavily wounded.
The orc hits you with a +0 short sword.
You die...

........#.# #.#.#
####...(#.# #.#)#
#....#.# #.#.# #....#.#
#.#.# ###....#.#####.#.#
#..<...#..)....#.#
#......#########.# .#
##...#+#.........)#...#.#
.'.....#........@o.......
##...###>.......))..$....
#...# #.################
##### #.# #.# #.# #.# #.#
#(#


You could see an orc.

Vanquished Creatures
  An orc wizard (D:3)
  2 dart slugs (D:1)
  3 orcs (D:3)
  A ball python (D:1)
  4 endoplasms
  A giant cockroach (D:1)
  3 goblins
  7 hobgoblins
  2 kobolds (D:1)
  A quokka (D:2)
  2 bats (D:2)
  5 rats
32 creatures vanquished.

Notes
Turn   | Place    | Note
-------+----------+-------------------------------------------
     0 | D:1      | Babbit the Barachi Ice Elementalist began the quest for the
                  | Orb.
     0 | D:1      | Reached XP level 1. HP: 13/13 MP: 3/3
    60 | D:1      | Reached skill level 5 in Ice Magic
   242 | D:1      | Reached XP level 2. HP: 19/19 MP: 3/5
   908 | D:1      | Found a faded altar of an unknown god.
  1148 | D:2      | You fall into a shaft and drop 1 floor!
  1497 | D:2      | Found a basalt altar of Yredelemnul.
  1499 | D:2      | Reached XP level 3. HP: 24/24 MP: 4/6
  1872 | D:2      | Learned a level 3 spell: Ozocubu's Armour
  2391 | D:3      | Found an opulent altar of Gozag.
  2617 | D:3      | Reached XP level 4. HP: 17/30 MP: 3/8
  2624 | D:3      | HP: 1/30 [orc/+0 short sword (4)]
  2625 | D:3      | Slain by an orc

Illustrated notes

Levels and vault maps discovered:
D:1:      dpeg_arrival_solitude, layout_basic, chequers_ecumenical_altar_simple
D:2:      layout_basic, minmay_hexomino_r4
D:3:      layout_basic, grunt_gozag_breadcrumbs,
          mainiacjoe_overflow_catch_the_wave

Skill      XL: |  1  2  3  4 |
---------------+-------------+-----
Ice Magic      | 5 |  5.9
Stealth        | 2 |  2.0
Spellcasting   | 3 |  3.0
Dodging        | |  2.4

Action                     |  1- 3 |  4- 6 || total
---------------------------+-------+-------++-------
  Melee: Unarmed           |     3 |       ||     3
         Staff             |     1 |     6 ||     7
   Cast: Freeze            |    40 |     3 ||    43
    Use: Scroll            |     5 |       ||     5
 Armour: Robe              |     2 |     1 ||     3
  Dodge: Dodged            |    36 |     2 ||    38
